 Dungeon Crawl Stone Soup version 0.23.2 (webtiles) character file.

Game seed: 3511910041466525422

53 NellyMandelly the Ruffian (level 3, 0/29 HPs)
             Began as a Draconian Transmuter on Aug 8, 2019.
             Succumbed to a goblin's poison
             ... on level 2 of the Dungeon.
             The game lasted 00:35:30 (1810 turns).

NellyMandelly the Ruffian (Draconian Transmuter)    Turns: 1810, Time: 00:35:31

Health: 0/29       AC:  5    Str: 12    XL:     3   Next: 64%
Magic:  6/6        EV: 18    Int: 14    God:
Gold:   65         SH:  0    Dex: 16    Spells: 3/6 levels left

rFire    . . .     SeeInvis .   u - +1 hand axe (freeze)
rCold    . . .     Gourm    .   (no shield)
rNeg     . . .     Faith    .   (armour unavailable)
rPois    .         Spirit   .   (helmet restricted)
rElec    .         Reflect  .   (no cloak)
rCorr    .         Harm     .   (no gloves)
MR       .....                  (no boots)
Stlth    +++.......             t - amulet of inaccuracy (curse)
HPRegen  0.09/turn              (no ring)
MPRegen  0.10/turn              (no ring)

@: agile, lethally poisoned (0 -> -4), flying
A: unfitting armour, cold-blooded, AC +5
a: no special abilities


You were on level 2 of the Dungeon.
You were very full.

You visited 1 branch of the dungeon, and saw 2 of its levels.

You collected 65 gold pieces.

Inventory:

Hand Weapons
 b - a +0 dagger
 i - a +0 hunting sling
 k - a +1 dagger of venom
 q - a +0 dagger
 r - a +0 whip
 u - a +1 hand axe of freezing (weapon)
Missiles
 a - 5 arrows
 e - 3 tomahawks (quivered)
 f - 77 stones
 j - 25 bolts
 x - 18 poisoned needles
Armour
 g - a +0 chain mail
 l - a cursed +0 ring mail
 m - a +0 robe
 o - a +0 helmet
 s - a +2 large shield
Jewellery
 t - a cursed amulet of inaccuracy (around neck)
 w - an uncursed amulet of faith {unknown}
Scrolls
 n - a scroll of amnesia
Comestibles
 c - a ration


   Skills:
 * Level 1.8 Fighting
 * Level 0.4 Maces & Flails
 + Level 0.1 Throwing
 + Level 2.6 Dodging
 + Level 0.3 Stealth
 + Level 3.3 Unarmed Combat
 + Level 2.2 Spellcasting
 + Level 2.1 Transmutations


You had 3 spell levels left.
You knew the following spells:

 Your Spells              Type           Power        Failure   Level  Hunger
a - Beastly Appendage     Tmut           #.....       10%         1    #......
b - Sticks to Snakes      Tmut           #.......     14%         2    ###....

Your spell library contained the following spells:

 Spells                   Type           Power        Failure   Level  Hunger
 Spider Form              Tmut/Pois      #.........   41%         3    ###....
 Ice Form                 Ice/Tmut       #.......     83%         4    #####..
 Blade Hands              Tmut           #.........   95%         5    ######.


Dungeon Overview and Level Annotations

Branches:
Dungeon (2/15)

Altars:


Innate Abilities, Weirdness & Mutations

Your plain brown scales are hard. (AC +5)
You cannot fit into any form of body armour.
You are cold-blooded and may be slowed by cold attacks.


Message History

As you read the scroll of teleportation, it crumbles to dust.
You feel strangely unstable.
* * * LOW HITPOINT WARNING * * *
You feel sick.
* * * LOW HITPOINT WARNING * * *
You feel sick.
* * * LOW HITPOINT WARNING * * *
You feel sick.
Your surroundings suddenly seem different.
* * * LOW HITPOINT WARNING * * *
You feel sick.
* * * LOW HITPOINT WARNING * * *
You feel sick.
* * * LOW HITPOINT WARNING * * *
You feel sick.
* * * LOW HITPOINT WARNING * * *
You feel sick.
* * * LOW HITPOINT WARNING * * *
You feel sick.
You die...

### #.##### #......
#.####. #########.#
#. ########
##.........# #.
#......#
.#.######### ##.
##......#######.#.#
#..
#.............@.#.#
######..
#.......#######.#.#
........ #........
.#.# .#####..
#........# .#.#
........
###.#.####.#
#.#.### .####.##
..#.#.# .# #.#...#
#. # ..#.#.# .#
.###.# .. #
..#.#.####.# ...#.#
### # ....†......#
#.#.# .


There were no monsters in sight!

Vanquished Creatures
  An ooze (D:1)
  A worm (D:2)
  A dart slug (D:2)
  3 giant cockroaches (D:1)
  8 goblins
  3 hobgoblins
  3 bats (D:1)
  5 frilled lizards
  3 kobolds (D:2)
  4 rats
32 creatures vanquished.

Vanquished Creatures (collateral kills)
  An adder (D:2)
  A dart slug (D:2)
  A goblin (D:2)
3 creatures vanquished.

Grand Total: 35 creatures vanquished

Notes
Turn   | Place    | Note
-------+----------+-------------------------------------------
     0 | D:1      | NellyMandelly the Draconian Transmuter began the quest for
                  | the Orb.
     0 | D:1      | Reached XP level 1. HP: 16/16 MP: 3/3
   412 | D:1      | Reached XP level 2. HP: 19/23 MP: 5/5
   426 | D:1      | Learned a level 2 spell: Sticks to Snakes
  1218 | D:2      | Reached XP level 3. HP: 8/29 MP: 6/6
  1808 | D:2      | HP: 1/29 [poisoned by a goblin]
  1810 | D:2      | Succumbed to a goblin's poison

Skill      XL: |  1  2 |
---------------+-------+-----
Dodging        | 2 |  2.6
Fighting       | |  1.8
Maces & Flails | |  0.4
Throwing       | |  0.1
Stealth        | |  0.3
Unarmed Combat | |  3.3
Spellcasting   | |  2.2
Transmutations | |  2.1

Action                   || total
-------------------------++-------
Melee: Unarmed           ||    20
       Club              ||    58
       Tailslap          ||    10
       Punch             ||     2
       Whip              ||    32
       Kick              ||     2
       Hand axe          ||    35
       Dagger            ||    15
Throw: Stone             ||     9
 Cast: Sticks to Snakes  ||     7
       Beastly Appendage ||     3
  Use: Scroll            ||     5
       Potion            ||     7
 Stab: Sleeping          ||     1
  Eat: Ration            ||     3
Armor: Skin              ||    85
Dodge: Dodged            ||   156
Block: Large shield      ||    17
